 Dungeon Crawl Stone Soup version 0.21.1-1-g345015f (webtiles) character file.

50 prawnwizard the Insei (level 3, -1/23 HPs)
             Began as an Octopode Transmuter on July 22, 2018.
             Slain by a goblin (3 damage)
             ... on level 2 of the Dungeon.
             The game lasted 00:01:47 (1648 turns).

prawnwizard the Insei (Octopode Transmuter)         Turns: 1648, Time: 00:01:48

Health: -1/23      AC:  1    Str:  9    XL:     3   Next: 79%
Magic:  6/6        EV: 14    Int: 15    God:
Gold:   56         SH:  0    Dex: 13    Spells: 5/6 levels left

rFire    . . .     SeeInvis .     - Unarmed
rCold    . . .     Gourm    .   (no shield)
rNeg     . . .     Faith    .   (helmet restricted)
rPois    .         Spirit   .   (no amulet)
rElec    .         Reflect  .   (no ring)
rCorr    .         Harm     .   (no ring)
MR       .....                  (no ring)
Stlth    ++........             (no ring)
HPRegen  0.07/turn              (no ring)
MPRegen  0.10/turn              (no ring)
                                (no ring)
                                (no ring)

@: no status effects
A: almost no armour, stealthy swim, amphibious, 8 rings, constrict 8, camouflage
1, gelatinous body 1
a: no special abilities


You were on level 2 of the Dungeon.
You were not hungry.

You visited 1 branch of the dungeon, and saw 2 of its levels.

You collected 56 gold pieces.

Inventory:

Missiles
 a - 55 arrows
Scrolls
 d - a scroll of enchant armour {unknown}
 e - 2 scrolls of random uselessness {unknown}
 g - a scroll of immolation {unknown}
 i - a scroll of identify {unknown}
 j - a scroll of remove curse {unknown}
 k - 2 scrolls of teleportation {unknown}
Potions
 h - a potion of cancellation {unknown}
Books
 b - a book of Changes

   Spells                             Type                      Level
   a - Beastly Appendage              Transmutation                1
   b - Sticks to Snakes               Transmutation                2
   c - Spider Form                    Transmutation/Poison         3
   d - Ice Form                       Ice/Transmutation            4
   e - Blade Hands                    Transmutation                5
Comestibles
 c - a ration
 f - 2 chunks of flesh


   Skills:
 - Level 1.0 Fighting
 + Level 2.4 Dodging
 * Level 3.7 Unarmed Combat
 + Level 2.4 Spellcasting
 + Level 2.4 Transmutations


You had 5 spell levels left.
You knew the following spells:

 Your Spells              Type           Power        Failure   Level  Hunger
a - Beastly Appendage     Tmut           #.....       8%          1    #......


Dungeon Overview and Level Annotations

Branches:
Dungeon (2/15)

Altars:


Innate Abilities, Weirdness & Mutations

You cannot wear most types of armour.
You are very stealthy in the water. (Stealth+)
You are amphibious.
You can wear up to eight rings at the same time.
You can use your tentacles to constrict eight enemies at once.
Your skin changes colour to match your surroundings (Stealth+).
Your rubbery body absorbs attacks. (AC +1, EV +1)


Message History

Your tentacle spike disappears.
You see here a jackal corpse.
You butcher the jackal corpse.
f - 3 chunks of flesh You see here a jackal skeleton.
There are no objects that can be picked up here. a jackal skeleton Eating one of 3 chunks of flesh.
You eat one of the 3 chunks of flesh.
This raw flesh tastes terrible.
Partly explored, can't reach some places.
You aren't quite hungry enough to eat that!
You aren't quite hungry enough to eat that!
There is a stone staircase leading down here.
You climb downwards.
The jackal closely misses you. The jackal barely misses you.
The goblin barely misses you.
There is a stone staircase leading up here.
The jackal bites you.
* * * LOW HITPOINT WARNING * * *
The goblin hits you.
You die...

##.#.### #......# #
#......# ..##......#
........... .. ..
##...$. #.. ..
..?#...hg# #.# #.
...#.###@# #!# . #
..<.....r###!#.# ...
.......((.##.#.#....
..........##†.......
.(....††.......#
......†.....####
......%...%.#
######......#
#......#


You could see a jackal, a goblin and a rat.

Vanquished Creatures
  An adder (D:2)
  A worm (D:2)
  2 dart slugs (D:1)
  2 leopard geckos (D:2)
  A hobgoblin (D:1)
  2 jackals
  7 kobolds
  A ball python (D:1)
  4 bats
  3 frilled lizards (D:1)
  6 goblins (D:1)
  5 rats (D:1)
35 creatures vanquished.

Notes
Turn   | Place    | Note
-------+----------+-------------------------------------------
     0 | D:1      | prawnwizard the Octopode Transmuter began the quest for the Orb.
     0 | D:1      | Reached XP level 1. HP: 13/13 MP: 3/3
   105 | D:1      | Reached XP level 2. HP: 9/18 MP: 5/5
  1236 | D:1      | Reached XP level 3. HP: 23/23 MP: 6/6
  1648 | D:2      | Slain by a goblin

Action                   || total
-------------------------++-------
Melee: Unarmed           ||    70
       Constrict         ||    16
       Tentacles         ||    10
       Punch             ||     3
       Kick              ||     3
 Cast: Beastly Appendage ||     2
 Stab: Sleeping          ||     9
  Eat: Chunk             ||     2
Armor: Skin              ||     6
Dodge: Dodged            ||    43
